 Dungeon Crawl Stone Soup version 0.30-a0-371-gad7725a93e (webtiles) character file.

Game seed: 11345982713416728214

450 leviel the Shield-Bearer (level 7, -3/38 HPs)
             Began as a Meteoran Fighter on Nov 21, 2022.
             Was an Initiate of Qazlal.
             Slain by a sky beast (5 damage)
             ... on level 6 of the Dungeon.
             The game lasted 00:04:47 (2935 turns).

leviel the Shield-Bearer (Meteoran Fighter)         Turns: 2935, Time: 00:04:47

Health: -3/38      AC:  7    Str: 20    XL:     7   Next: 50%
Magic:  8/8        EV:  9    Int: 13    God:    Qazlal [......]
Gold:   200        SH:  5    Dex: 13    Spells: 6/6 levels left

rFire   . . .      SeeInvis .    j - +7 hand axe of Wrongful Imprisonment {freeze, Int+3}
rCold   . . .      Faith    .    c - +0 buckler
rNeg    . . .      Spirit   .    b - +0 scale mail
rPois   .          Reflect  .    (no helmet)
rElec   .          Harm     .    (no cloak)
rCorr   .          Rampage  .    (no gloves)
Will    .....                    (no boots)
Stlth   ..........               (no amulet)
HPRegen 0.26/turn                (no ring)
MPRegen 0.11/turn                (no ring)

@: glowing
A: sense surroundings 1, otherworldly, glowing, explore regen
a: Renounce Religion


You were on level 6 of the Dungeon.
You worshipped Qazlal.
Qazlal was noncommittal.
You visited 2 branches of the dungeon, and saw 7 of its levels.

You collected 200 gold pieces.

Inventory:

Hand Weapons
 a - a +1 flail
 j - the +7 hand axe of Wrongful Imprisonment (weapon) {freeze, Int+3}
   (You found it on level 3 of the Dungeon)

   It freezes those it strikes, dealing additional cold damage.
   It can also slow down cold-blooded creatures.
   Int:       It affects your intelligence (+3).
Armour
 b - a +0 scale mail (worn)
 c - a +0 buckler (worn)
Jewellery
 e - a ring of see invisible
 l - a +4 ring of evasion
 m - the ring "Faucleiz" {Fly rPois Str-2 Int+4 Slay+4}
   (You found it on level 4 of the Dungeon)

   [ring of slaying]

   Str:       It affects your strength (-2).
   Int:       It affects your intelligence (+4).
   Slay:      It affects your accuracy & damage with ranged weapons and melee
   (+4).
   rPois:     It protects you from poison.
   Fly:       It grants you flight.
 s - a ring of willpower
Wands
 d - a wand of acid (9)
Scrolls
 f - 3 scrolls of identify {unknown}
 g - 2 scrolls of silence {unknown}
 h - a scroll of immolation {unknown}
 i - 2 scrolls of teleportation {unknown}
 k - a scroll of enchant weapon {@r3}
 q - 3 scrolls of fear {unknown}
 r - a scroll of fog {unknown}
Potions
 n - a potion of berserk rage {unknown}
 o - 2 potions of heal wounds {unknown}
 p - 2 potions of cancellation {unknown}


   Skills:
 + Level 4.8 Fighting
 + Level 2.8(4.1) Axes
 + Level 5.0(5.4) Maces & Flails
 + Level 5.3 Armour
 + Level 5.4 Shields


You had 6 spell levels left.
You didn't know any spells.
Your spell library contained the following spells:

 Spells                   Type           Power      Damage    Failure   Level
 Slow                     Hex            0%         N/A       71%         1
 Summon Small Mammal      Summ           0%         N/A       71%         1
 Blink                    Tloc           0%         N/A       85%         2
 Momentum Strike          Conj/Tloc      0%         3d8       85%         2
 Call Canine Familiar     Summ           0%         N/A       97%         3
 Confusing Touch          Hex            0%         N/A       97%         3
 Gell's Gravitas          Tloc           0%         N/A       97%         3
 Lesser Beckoning         Tloc           0%         N/A       97%         3
 Summon Guardian Golem    Hex/Summ       0%         N/A       97%         3
 Teleport Other           Tloc           0%         N/A       97%         3
 Vampiric Draining        Necr           0%         2d6       97%         3


Dungeon Overview and Level Annotations

Branches:
Dungeon (6/15) Zot: 1141   Temple (1/1) D:4 Zot: 476

Altars:
Ashenzari
Cheibriados
Elyvilon
Fedhas
Hepliaklqana
Kikubaaqudgha
Makhleb
Nemelex Xobeh
Okawaru
Qazlal
Ru
Sif Muna
Trog
Uskayaw
Vehumet
Xom
Yredelemnul
Zin

Annotations:
D:5 3 runed translucent doors, Groverdextrious's ghost, novice HuWn


Innate Abilities, Weirdness & Mutations

You passively map a small area around you.
You are easily found by Zot.
You glow in the dark.
You regain HP and MP as you explore.


Message History

Found a cabochon ring and 16 gold pieces.
The iguana hisses angrily.
s - a ring of willpower
(D) Dungeon (T) Temple
Where to? (Enter - D:5, ? - help)
There is a stone staircase leading down here.
You climb downwards.
There is a stone staircase leading up here.
Found 5 stones.
Found a stone staircase leading down.
A sky beast and a yak come into view.
Found 12 gold pieces.
The yak bellows!
A yak comes into view.
There are monsters nearby!
The yak bellows!
A yak comes into view.
You see here a scroll labelled NEPAIH ASOL.
A yak comes into view.
The yak bellows! x2; You hear a shout! x2
Found 5 stones.
The yak gores you but does no damage.
You barely miss the yak. You slash the yak! You freeze the yak.
The yak gores you! x2
You are too injured to fight recklessly!
You are too injured to fight recklessly!
You are too injured to fight recklessly!
You are too injured to fight recklessly!
You are too injured to fight recklessly!
You are too injured to fight recklessly!
You are too injured to fight recklessly!
You are too injured to fight recklessly!
You are too injured to fight recklessly!
You are too injured to fight recklessly!
You are too injured to fight recklessly!
You are too injured to fight recklessly!
The yak attacks as you move away! The yak gores you!
* * * LOW HITPOINT WARNING * * *
The sky beast hits you.
* * * LOW HITPOINT WARNING * * *
The sky beast shocks you.
You die...

, , , , .#............
,, ........$.... , ,
#............ , *
#...(........,, ,
####...........(
.........Y......, ,,
*** #....Y.Y....., ,,
, #..?@YY...... , *
####............ , ,*
#....>.......... , ,
#.###..#............
#.....<#............
..####..#............,
, ....#............ ,
* ......#............
, .......##.=.......,
,


You could see 4 yaks and a sky beast.

Vanquished Creatures
  Eustachio (D:4)
  An ogre (D:4)
  An orc priest (D:5)
  An iguana (D:4)
  Ijyb (D:5)
  An orc wizard (D:5)
  4 adders
  A worm (D:4)
  3 dart slugs
  5 orcs
  9 endoplasms
  4 giant cockroaches
  4 goblins
  5 hobgoblins
  2 jackals (D:4)
  6 quokkas
  6 ball pythons
  5 bats
  A frilled lizard (D:2)
  12 kobolds
  4 rats
77 creatures vanquished.

Notes
Turn   | Place    | Note
-------+----------+-------------------------------------------
     0 | D:1      | leviel the Meteoran Fighter began the quest for the Orb.
     0 | D:1      | Reached XP level 1. HP: 19/19 MP: 2/2
   143 | D:1      | Reached XP level 2. HP: 24/26 MP: 3/3
   263 | D:1      | Reached XP level 3. HP: 29/31 MP: 4/4
   480 | D:1      | Glimpsed the power of Zot.
   990 | D:2      | Reached XP level 4. HP: 35/40 MP: 5/5
  1037 | D:2      | You fall into a shaft and drop 1 floor!
  1301 | D:3      | Identified the +2 leather armour "Daky" {rCorr Dex+4}
  1329 | D:3      | Identified the +7 hand axe of Wrongful Imprisonment
                  | {freeze, Int+3}
  1416 | D:3      | Found an ancient bone altar of Kikubaaqudgha.
  1663 | D:3      | Glimpsed the power of Zot.
  1713 | D:3      | Glimpsed the power of Zot.
  1753 | D:3      | Glimpsed the power of Zot.
  1763 | D:3      | Touched by the power of Zot.
  1890 | D:4      | Noticed an ogre
  1895 | D:4      | Killed an ogre
  1896 | D:4      | Reached skill level 1 in Axes
  1896 | D:4      | Reached XP level 5. HP: 36/36 MP: 6/6
  1917 | D:4      | Reached XP level 6. HP: 32/42 MP: 7/7
  2035 | D:4      | Identified the ring "Faucleiz" {Fly rPois Str-2 Int+4
                  | Slay+4}
  2259 | D:4      | Found a staircase to the Ecumenical Temple.
  2272 | Temple   | Entered the Ecumenical Temple
  2383 | Temple   | Became a worshipper of Qazlal Stormbringer
  2582 | D:4      | Glimpsed the power of Zot.
  2630 | D:4      | Noticed Eustachio
  2631 | D:4      | Glimpsed the power of Zot.
  2637 | D:4      | Killed Eustachio
  2638 | D:4      | Reached skill level 5 in Armour
  2638 | D:4      | Reached skill level 5 in Shields
  2638 | D:4      | Reached XP level 7. HP: 41/50 MP: 8/8
  2670 | D:4      | Glimpsed the power of Zot.
  2680 | D:4      | Touched by the power of Zot.
  2741 | D:4      | Found a shimmering blue altar of Sif Muna.
  2776 | D:5      | Entered Level 5 of the Dungeon
  2777 | D:5      | Noticed Ijyb
  2784 | D:5      | Killed Ijyb
  2840 | D:5      | Reached skill level 5 in Maces & Flails
  2882 | D:5      | Noticed a yak
  2883 | D:5      | Noticed Groverdextrious's ghost (novice HuWn)
  2887 | D:5      | Found a runed translucent gate.
  2887 | D:5      | Found a runed translucent gate.
  2887 | D:5      | Found a runed translucent gate.
  2930 | D:6      | Noticed a yak
  2930 | D:6      | Noticed a yak
  2931 | D:6      | Noticed a yak
  2932 | D:6      | Noticed a yak
  2935 | D:6      | Slain by a sky beast

Illustrated notes

Levels and vault maps discovered:
D:1:      dpeg_arrival_rhombi, layout_loops_corners,
          nicolae_kite_square_tiling_tiny, minmay_misc_feat_room
D:2:      layout_basic
D:3:      layout_basic, kiku_gazebo_garden_becter
D:4:      layout_gridville, led_sif_book, minmay_temple_entry_glass,
          kennysheep_generic_room_11, uniq_eustachio
D:5:      layout_basic, grunt_temple_overflow_open, gammafunk_ghost_split,
          uniq_ijyb
D:6:      layout_basic, serial_shops, shop, hangedman_abyss_or_decor_stabs,
          dreamdust_wishing_well
Temple:   nicolae_temple_superstar

Skill      XL: |  1  2  3  4  5  6  7 |
---------------+----------------------+-----
Maces & Flails | 3 4 5 |  5.0
Shields        | 4 5 |  5.4
Armour         | 4 5 |  5.3
Fighting       | 4 |  4.8
Axes           | 1 2 |  2.8

Action                   |  1- 3 |  4- 6 |  7- 9 || total
-------------------------+-------+-------+-------++-------
Melee: Flail             |    94 |    34 |       ||   128
       Hand axe          |       |    46 |    27 ||    73
  Use: Scroll            |     2 |       |       ||     2
       Potion            |       |     1 |       ||     1
Armor: Scale mail        |    45 |    38 |     9 ||    92
Dodge: Dodged            |    41 |    31 |     6 ||    78
Block: Buckler           |    24 |    23 |     4 ||    51

Table legend: (Time is in decaauts)
 A = Elapsed time spent in this place.
 B = Non-inter-level travel time spent in this place.
 C = Inter-level travel time spent in this place.
 D = Time resting spent in this place.
 E = Time spent auto-exploring this place.
 F = Levels seen in this place.
 G = Mean time per level.
                   A        B        C        D        E       F      G
               +--------+--------+--------+--------+--------+-----+--------+
         Total |   2982 |   2845 |    137 |      8 |   2268 |   7 |  426.0 |
       Dungeon |   2858 |   2755 |    103 |      8 |   2195 |   6 |  476.3 |
        Temple |    123 |     89 |     34 |      0 |     73 |   1 |  123.0 |
               +--------+--------+--------+--------+--------+-----+--------+

Top non-repeatable levels by time:
     D:1: 868 daAuts
     D:4: 820 daAuts
     D:3: 812 daAuts
     D:2: 196 daAuts
     D:5: 150 daAuts
  Temple: 123 daAuts
     D:6: 9 daAuts
